 Dungeon Crawl Stone Soup version 0.31-a0-557-g6e16503903 (webtiles) character file.

Game seed: 13658546118376415760

2172 Zonian the Spear-Bearer (level 9, -5/94 HPs)
             Began as a Merfolk Shapeshifter on Aug 17, 2023.
             Was an Initiate of Ashenzari.
             Slain by an orc warrior
             ... wielding a +0 war axe
              (19 damage)
             ... in a bailey.
             The game lasted 00:14:17 (4744 turns).

Zonian the Spear-Bearer (Merfolk Shapeshifter)      Turns: 4744, Time: 00:14:19

Health: -5/94      AC: 24    Str: 18    XL:     9   Next: 32%
Magic:  9/9        EV:  2    Int:  7    God:    Ashenzari [......]
Gold:   303        SH:  4    Dex: 19    Spells: 8/8 levels left

rFire   . . .        u - +3 trident of Pestilence {freeze, rElec Dex+3 Stlth-}
rCold   . . .        k - +0 buckler
rNeg    . . .        e - melded +0 ring mail
rPois   +            (helmet currently unavailable)
rElec   +            f - melded +1 cloak of the Shrike {rCorr Slay+3}
rCorr   .            (gloves currently unavailable)
SInv    .            (boots currently unavailable)
Will    .....        j - amulet of regeneration
Stlth   +            (no ring)
HPRegen 1.15/turn    (no ring)
MPRegen 0.11/turn

%: no passive effects
@: tree-form
A: stationary, stasis, torment immunity, boosted hp, (nimble swimmer 2),
(mertail)
a: Renounce Religion, Curse Item


You were in a bailey.
You worshipped Ashenzari.
Ashenzari was noncommittal.
You were a tree.
You visited 2 branches of the dungeon, and saw 8 of its levels.
You also visited: Bailey.

You collected 553 gold pieces.
You spent 250 gold pieces at shops.

Inventory:

Hand Weapons
 n - a +0 short sword
 u - the +3 trident of Pestilence (weapon) {freeze, rElec Dex+3 Stlth-}
   (You bought it in a shop on level 4 of the Dungeon)

   Dex+3:     It affects your dexterity (+3).
   rElec:     It insulates you from electricity.
   Stlth-:    It makes you less stealthy.
 D - a +4 sling of freezing
Armour
 a - a +0 animal skin
 e - a +0 ring mail (melded)
 f - the +1 cloak of the Shrike (melded) {rCorr Slay+3}
   (You acquired it on level 4 of the Dungeon)

   Slay+3:    It affects your accuracy & damage with ranged weapons and melee
   (+3).
   rCorr:     It protects you from acid and corrosion.
 k - a +0 buckler (worn)
Jewellery
 j - an amulet of regeneration (around neck)
 p - an amulet of faith
 q - a ring of wizardry
 x - an amulet of magic regeneration
Talismans
 c - a beast talisman
 d - a flux talisman
Wands
 s - a wand of iceblast (11)
 t - a wand of flame (20)
 B - a wand of mindburst (8)
Scrolls
 g - 4 scrolls of teleportation
 h - a scroll of fog
 w - a scroll of immolation
 y - a scroll of enchant weapon {unknown}
 A - a scroll of identify
Potions
 b - 2 potions of lignification
 l - 2 potions of cancellation
 m - a potion of haste {unknown}
 o - 3 potions of curing
 r - 2 potions of brilliance {unknown}
 v - a potion of magic {unknown}
 z - a potion of mutation {unknown}
 C - a potion of enlightenment {unknown}


   Skills:
 - Level 3.1 Fighting
 + Level 13.6 Polearms
 - Level 4.4 Dodging
 - Level 1.8 Stealth
 - Level 4.4 Unarmed Combat
 - Level 4.6 Shapeshifting


You had 8 spell levels left.
You didn't know any spells.
Your spell library contained the following spells:

 Spells                   Type           Power      Damage    Failure   Level
 Slow                     Hex            0%         N/A       52%         1
 Cigotuvi's Dreadful Rot  Necr/Pois/Air  0%         N/A       67%         2
 Confusing Touch          Hex            0%         N/A       88%         3
 Vampiric Draining        Necr           0%         2d6       88%         3
 Volatile Blastmotes      Fire/Tloc      0%         2d10      88%         3
 Cause Fear               Hex            0%         N/A       99%         4
 Dispel Undead            Necr           0%         3d6       99%         4
 Fulminant Prism          Conj/Hex       0%         3d5       99%         4
 Iskenderun's Mystic Bla  Conj/Tloc      0%         2d3       99%         4
 Fireball                 Conj/Fire      0%         3d3       100%        5
 Death Channel            Necr           0%         N/A       100%        6
 Dragon's Call            Summ           0%         N/A       100%        9


Dungeon Overview and Level Annotations

Branches:
Dungeon (7/15)             Temple (1/1) D:5          Bailey (1/1)

Altars:
Ashenzari
Cheibriados
Dithmenos
Elyvilon
Fedhas
Gozag
Kikubaaqudgha
Makhleb
Nemelex Xobeh
Okawaru
Qazlal
Ru
Sif Muna
Trog
Uskayaw
Vehumet
Wu Jian
Xom
Zin
The Shining One

Shops:
D:4 *(   D:6 *

Annotations:
D:6 2 runed translucent doors, olddryhag's ghost, novice DsGl


Innate Abilities, Weirdness & Mutations

You are a tree.
Your roots penetrate the ground, keeping you stationary.
You cannot be teleported.
You are immune to unholy pain and torment.
Your maximum health is greatly increased.
Your equipment is partially melded.
((You are very nimble when in or above water. (Stealth+, EV+, Speed+++)))
((Your lower body shifts to a powerful aquatic tail in water.))


Message History

You completely miss the orc knight.
The orc knight is heavily wounded.
You hit the orc knight. You freeze the orc knight.
The orc knight is heavily wounded.
The kobold brigand hits you but does no damage.
You block the orc knight's attack.
Unknown command.
You completely miss the orc knight.
The orc knight is heavily wounded.
The kobold brigand hits you but does no damage.
You block the orc knight's attack.
Unknown command.
You hit the orc knight but do no damage.
The orc knight is heavily wounded.
Unknown command.
You hit the orc knight but do no damage.
The orc knight is heavily wounded.
You block the kobold brigand's attack.
The orc knight hits you but does no damage.
Unknown command.
You hit the kobold brigand. You freeze the kobold brigand.
The kobold brigand is severely wounded.
The kobold brigand barely misses you.
The orc knight hits you with a +0 war axe!
* * * LOW HITPOINT WARNING * * *
Unknown command.
Okay, then.
Aiming: Mindburst
Press: ? - help, Shift-Dir - straight line, f - orc warrior, p - orc knight
Aim: an orc warrior, wielding a +0 war axe and wearing a +0 ring mail (lightly wounded, strong, chance to affect: 64%)
The kobold brigand's mind is blasted!
You blow up the kobold brigand!
The orc knight hits you with a +0 war axe!
* * * LOW HITPOINT WARNING * * *
Aiming: Mindburst
Press: ? - help, Shift-Dir - straight line, f/p - orc warrior
Aim: an orc warrior, wielding a +0 war axe and wearing a +0 ring mail (lightly wounded, strong, chance to affect: 64%)
The orc warrior struggles to resist.
The orc warrior hits you with a +0 war axe!!
You die...

.............
.K..........
.K.........
........ ......
...# ###o###
##.♣o..##
#...8...#
#∩[)...∩#
##.....##
####'''####
##~.......~#
#####~~.......~~#
#....~~.......~~..
#.###~~.......~~##


You could see an orc knight and an orc warrior (strong).

Vanquished Creatures
  Pikel (D:5)
  Eustachio (D:5)
  3 orc warriors (Bailey)
  An ice beast (D:6)
  An ogre (D:5)
  A lemure (D:5)
  7 kobold brigands
  A bullfrog (D:7)
  4 killer bees (D:6)
  A howler monkey (D:4)
  3 hounds
  A jelly (D:6)
  Robin (D:4)
  11 adders
  A white imp (D:6)
  An ufetubus (D:6)
  A worm (D:2)
  A dart slug (D:4)
  6 orcs
  4 bats
  2 endoplasms (D:1)
  3 giant cockroaches
  15 goblins
  8 hobgoblins
  8 jackals
  2 quokkas (D:1)
  5 ball pythons
  5 frilled lizards
  22 kobolds
  5 rats
126 creatures vanquished.

Notes
Turn   | Place    | Note
-------+----------+-------------------------------------------
     0 | D:1      | Zonian the Merfolk Shapeshifter began the quest for the
                  | Orb.
     0 | D:1      | Reached XP level 1. HP: 15/15 MP: 1/1
   149 | D:1      | Reached XP level 2. HP: 19/21 MP: 2/2
   448 | D:1      | Reached XP level 3. HP: 25/27 MP: 3/3
   716 | D:1      | Found an iron altar of Okawaru.
  1105 | D:2      | Reached XP level 4. HP: 13/33 MP: 4/4
  2079 | D:4      | Identified a scroll of acquirement
  2079 | D:4      | Acquired the +1 cloak of the Shrike {rCorr Slay+3}
  2319 | D:4      | Reached skill level 1 in Stealth
  2319 | D:4      | Reached XP level 5. HP: 36/39 MP: 5/5
  2487 | D:4      | Found a shadowy altar of Dithmenos.
  2550 | D:4      | Noticed Robin
  2565 | D:4      | Killed Robin
  2583 | D:4      | Found Puaphero's Antique Weapon Boutique.
  2589 | D:4      | Found Vami's Assorted Antiques.
  2594 | D:4      | Bought a polished trident for 229 gold pieces
  2594 | D:4      | Identified the +3 trident of Pestilence {freeze, rElec
                  | Dex+3 Stlth-} (You bought it in a shop on level 4 of the
                  | Dungeon)
  2789 | D:5      | Entered Level 5 of the Dungeon
  2848 | D:5      | Noticed Eustachio
  2860 | D:5      | Killed Eustachio
  2861 | D:5      | Reached skill level 4 in Polearms
  2861 | D:5      | Reached XP level 6. HP: 47/47 MP: 6/6
  2902 | D:5      | Found a stormy altar of Qazlal.
  2911 | D:5      | Noticed Pikel
  3171 | D:5      | Found a staircase to the Ecumenical Temple.
  3215 | Temple   | Entered the Ecumenical Temple
  3264 | Temple   | Became a worshipper of Ashenzari the Shackled
  3320 | D:5      | Killed Pikel
  3321 | D:5      | Reached skill level 8 in Polearms
  3321 | D:5      | Reached XP level 7. HP: 36/52 MP: 7/7
  3637 | D:5      | Reached XP level 8. HP: 58/58 MP: 8/8
  3772 | D:5      | Found a sparkling altar of Nemelex Xobeh.
  3799 | D:5      | Reached skill level 9 in Polearms
  3949 | D:6      | Reached skill level 10 in Polearms
  4120 | D:6      | Found a runed translucent gate.
  4121 | D:6      | Found a runed translucent gate.
  4121 | D:6      | Noticed olddryhag's ghost (novice DsGl)
  4122 | D:6      | Found a runed translucent gate.
  4122 | D:6      | Noticed a kobold demonologist
  4213 | D:6      | Reached skill level 11 in Polearms
  4248 | D:6      | Found Uwinen's Assorted Antiques.
  4253 | D:6      | Bought a smoky puce potion for 21 gold pieces
  4588 | D:7      | Found a flagged portal.
  4597 | Bailey   | Entered a bailey
  4649 | Bailey   | Reached skill level 12 in Polearms
  4653 | Bailey   | Reached XP level 9. HP: 54/63 MP: 9/9
  4706 | Bailey   | Noticed an orc knight
  4717 | Bailey   | Reached skill level 13 in Polearms
  4744 | Bailey   | Slain by an orc warrior

Illustrated notes

Levels and vault maps discovered:
D:1:      dpeg_arrival_water_altar, layout_loops_ring
D:2:      layout_rooms
D:3:      layout_loops_ring
D:4:      layout_rooms, lemuel_coloured_pillars_altar, grunt_decor_junction,
          nicolae_wooded_promenade, uniq_robin
D:5:      layout_basic, kennysheep_mini, amcnicky_altar_gilded,
          minmay_temple_entry_overgrown, uniq_pikel, uniq_eustachio
D:6:      layout_rooms, serial_shops, shop, gammafunk_ghost_nasty_kobolds,
          dreamdust_wishing_well, minmay_holes
D:7:      layout_layer_cave, nicolae_yredelemnul_ghost_church, enter_bailey_1,
          uniq_prince_ribbit1, uniq_jeremiah
Temple:   eino_temple_rhombus
Bailey:   bailey_axe_3, bailey

Skill      XL: |  1  2  3  4  5  6  7  8  9 |
---------------+----------------------------+-----
Dodging        | 3 4 |  4.4
Fighting       | 2 3 |  3.1
Unarmed Combat | 4 |  4.4
Stealth        | 1 |  1.8
Polearms       | 4 8 12 13 | 13.6
Shapeshifting  | |  4.6

Action                     |  1- 3 |  4- 6 |  7- 9 || total
---------------------------+-------+-------+-------++-------
  Melee: Unarmed           |   105 |    83 |       ||   188
         Punch             |     2 |       |       ||     2
         Trident           |       |    53 |   155 ||   208
         Tailslap          |       |     1 |       ||     1
Ability: Begin Untransform |       |     1 |       ||     1
  Evoke: Wand              |       |     1 |     3 ||     4
    Use: Scroll            |       |     9 |       ||     9
         Potion            |       |       |     5 ||     5
 Armour: Ring mail         |    30 |    41 |    36 ||   107
         Animal skin       |     2 |       |       ||     2
         Skin              |       |       |    10 ||    10
  Dodge: Dodged            |    54 |    59 |    90 ||   203
  Block: Buckler           |     2 |    19 |    37 ||    58

Table legend: (Time is in decaauts)
 A = Elapsed time spent in this place.
 B = Non-inter-level travel time spent in this place.
 C = Inter-level travel time spent in this place.
 D = Time resting spent in this place.
 E = Time spent auto-exploring this place.
 F = Levels seen in this place.
 G = Mean time per level.
                   A        B        C        D        E       F      G
               +--------+--------+--------+--------+--------+-----+--------+
         Total |   4690 |   4507 |    183 |    638 |   2797 |   9 |  521.1 |
       Dungeon |   4499 |   4332 |    167 |    633 |   2776 |   7 |  642.7 |
        Temple |     65 |     49 |     16 |      0 |      0 |   1 |   65.0 |
        Bailey |    124 |    124 |      0 |      5 |     20 |   1 |  124.0 |
               +--------+--------+--------+--------+--------+-----+--------+

Top non-repeatable levels by time:
     D:5: 995 daAuts
     D:1: 824 daAuts
     D:4: 711 daAuts
     D:3: 709 daAuts
     D:6: 663 daAuts
     D:2: 520 daAuts
  Bailey: 124 daAuts
     D:7: 74 daAuts
  Temple: 65 daAuts
